AoeStats
← Malelf

Arabia

506702565Analyzed
1v1 RM · 18d ago on Sep 14, 2026· 31m 46s· 2 players
Game mode
Random Map
Map size
Tiny (2 player)
Population
200
Speed
Normal
Resources
Standard
Victory
Conquest
Starting age
Dark Age
Ending age
Imperial Age
RankedLock teamsTeams togetherTeam positionsShared explorationLock speedFull tech treeHidden civsTurbo modeCheats
Victory
Defeat
🇮🇹 Mongols · Italy
1689
+15
🇩🇴 Inca · Dominican Republic
1663
-15
RD | El_Zapatero22
8:26 Feudal Age
8:57 Champi Runner
10:00 Loom
11:14 Double-Bit Axe
11:35 Scale Mail Armor
12:04 Arson
12:16 Arson
16:55 Forging
22:21 Castle Age
22:24 Champi Warrior
23:18 Squires
24:21 Horse Collar
Malelf
6:12 Loom
6:36 Loom
8:40 Feudal Age
9:22 Double-Bit Axe
11:45 Horse Collar
19:27 Castle Age
17:31 Gold Mining
18:25 Bloodlines
20:30 Wheelbarrow
20:23 Forging
26:26 Scale Barding Armor
28:20 Iron Casting
29:13 Chain Barding Armor
30:47 Bow Saw
30:38 Heavy Plow
31:14 Husbandry
Connection lost

Rejoining the realm…

Still unreachable

The connection could not be restored.

Session expired

The server has moved on; the page needs a fresh start.